 Dungeon Crawl Stone Soup version 0.17-a0-910-ga669010 (webtiles) character file.

266 oplop the Sneak (level 6, -1/29 HPs)
             Began as a Spriggan Enchanter on May 2, 2015.
             Slain by an ogre (15 damage)
             ... on level 4 of the Dungeon.
             The game lasted 00:06:59 (3405 turns).

oplop the Sneak (Spriggan Enchanter)                Turns: 3405, Time: 00:06:59

Health: -1/29      AC:  4    Str:  4    XL:     6   Next: 0%
Magic:  2/13       EV: 20    Int: 18    God:
Gold:   185        SH:  0    Dex: 17    Spells: 5 memorised, 2 levels left

rFire  . . .     SeeInvis +     a - +1 dagger
rCold  . . .     Clarity  .     b - +1 robe
rNeg   . . .     SustAb   .     (shield restricted)
rPois  .         Gourm    .     (helmet restricted)
rElec  .         Spirit   .     v - +0 cloak
rCorr  .         Warding  .     (gloves unavailable)
rMut   .         Stasis   .     (boots unavailable)
MR     +....                    (no amulet)
Stlth  ++++......               (no ring)
                                (no ring)

@: very slightly contaminated, very quick, somewhat resistant to hostile
enchantments, stealthy
A: unfitting armour, see invisible, herbivore 3, speed 3, slow metabolism 2
a: no special abilities


You were on level 4 of the Dungeon.
You were not hungry.

You visited 1 branch of the dungeon, and saw 4 of its levels.

You collected 185 gold pieces.

Inventory:

Hand weapons
 a - a +1 dagger (weapon)
Armour
 b - a +1 robe (worn)
 v - a +0 cloak (worn)
Jewellery
 u - an uncursed amulet of warding {unknown}
Scrolls
 f - a scroll of remove curse {unknown}
 h - 3 scrolls of teleportation {unknown}
 i - 3 scrolls of identify {unknown}
 j - a scroll of blinking {unknown}
 k - 2 scrolls of noise {unknown}
 n - a scroll of magic mapping {unknown}
 p - 2 scrolls of random uselessness {unknown}
 q - a scroll of fear {unknown}
 s - a scroll of fog {unknown}
Potions
 e - a potion of flight {unknown}
 g - a potion of magic {unknown}
 l - a potion of cancellation {unknown}
 m - a potion of might {unknown}
 o - a potion of beneficial mutation {unknown}
 r - a potion of curing {unknown}
 t - a potion of invisibility {unknown}
 w - a potion of haste {unknown}
Books
 c - a book of Maledictions

   Spells                             Type                      Level
   a - Corona                         Hexes                        1
   b - Ensorcelled Hibernation        Hexes/Ice                    2
   c - Confuse                        Hexes                        3
   d - Tukima's Dance                 Hexes                        3
   e - Dazzling Spray                 Conjuration/Hexes            3
Comestibles
 d - a bread ration
 x - a slice of pizza


   Skills:
 - Level 0.7 Fighting
 + Level 2.1 Short Blades
 + Level 4.7 Dodging
 - Level 6.0 Stealth
 + Level 4.6 Spellcasting
 + Level 4.7 Hexes
 - Level 0.2 Ice Magic


You had 2 spell levels left.
You knew the following spells:

 Your Spells              Type           Power        Failure   Level  Hunger
a - Corona                Hex            ###....      1%          1    None
b - Ensorcelled Hibernat  Hex/Ice        ##....       10%         2    #......
c - Confuse               Hex            ###.....     10%         3    ###....
d - Tukima's Dance        Hex            ###.....     10%         3    ###....
e - Dazzling Spray        Conj/Hex       ##......     17%         3    ###....


Dungeon Overview and Level Annotations

Branches:
Dungeon (4/15)
 Temple: D:4-7

Altars:
Elyvilon
Gozag
Vehumet


Innate Abilities, Weirdness & Mutations

You are tiny and cannot use many weapons and most armour.
You have supernaturally acute eyesight.
You are a herbivore.
You cover ground extremely quickly.
You need consume almost no food.


Message History

The giant club dances into the air!
You barely miss the giant newt. The giant newt misses you.
You see here a club.
You start resting.
Casting: Tukima's Dance
Confirm with . or Enter, or press ? or * to list all spells.
Aiming: Ensorcelled Hibernation
Press: ? - help, Shift-Dir - straight line, f/p - ogre
Aim: an ogre (chance 44%)
The ogre resists with some effort.
The ogre completely misses you.
Casting: Ensorcelled Hibernation
Confirm with . or Enter, or press ? or * to list all spells.
Aiming: Ensorcelled Hibernation
Press: ? - help, Shift-Dir - straight line, f/p - ogre
Aim: an ogre (chance 44%)
You miscast Ensorcelled Hibernation.
You are very lightly contaminated with residual magic.
A chill runs through your body. The ogre hits you!
Ouch! That really hurt!
You die...

.. ##... ##... #..## ##
##...# ###.#####...### .#
#..#..#.O.....# .#
#....#...#@....## ##.#
#........#......## #..#
.#.......##......###..#
#...#...###......##..###
###......O# ##...........###
#.....#.l####...............
...#..).........####..###..
.. #..#.......### #..#
#####.l.)### #..##


You could see an ogre.

Vanquished Creatures
  Jessica (D:2)
  Terence (D:2)
  An orc wizard (D:3)
  6 gnolls (D:2)
  3 adders
  2 oozes
  6 worms
  4 orcs (D:3)
  13 bats
  3 giant cockroaches
  8 goblins
  9 hobgoblins
  7 jackals (D:1)
  3 quokkas
  2 giant geckos (D:2)
  2 giant newts (D:3)
  7 kobolds
  6 rats
84 creatures vanquished.

Notes
Turn   | Place    | Note
--------------------------------------------------------------
     0 | D:1      | oplop, the Spriggan Enchanter, began the quest for the Orb.
     0 | D:1      | Reached XP level 1. HP: 9/9 MP: 5/5
   293 | D:1      | Reached XP level 2. HP: 2/13 MP: 4/6
  1551 | D:2      | Learned a level 2 spell: Ensorcelled Hibernation
  1581 | D:2      | Reached XP level 3. HP: 16/16 MP: 8/8
  1588 | D:2      | Reached skill level 5 in Stealth
  1682 | D:2      | Found an opulent altar of Gozag.
  1700 | D:2      | Reached XP level 4. HP: 21/21 MP: 3/10
  1857 | D:2      | Noticed Terence
  1862 | D:2      | Killed Terence
  2006 | D:2      | Noticed Jessica
  2563 | D:2      | Killed Jessica
  2563 | D:2      | Reached XP level 5. HP: 25/25 MP: 8/12
  2602 | D:2      | Reached skill level 6 in Stealth
  2902 | D:3      | Learned a level 3 spell: Confuse
  2906 | D:3      | Learned a level 3 spell: Tukima's Dance
  2910 | D:3      | Learned a level 3 spell: Dazzling Spray
  2912 | D:3      | Found a white marble altar of Elyvilon.
  3362 | D:4      | Found a radiant altar of Vehumet.
  3366 | D:4      | Reached XP level 6. HP: 29/29 MP: 13/13
  3370 | D:4      | Noticed an ogre
  3405 | D:4      | Slain by an ogre

Action                   |  1- 3 |  4- 6 || total
-------------------------+-------+-------++-------
Melee: Dagger            |   117 |   170 ||   287
 Cast: Corona            |    13 |     1 ||    14
       Ensorcelled Hiber |     5 |    40 ||    45
       Tukima's Dance    |       |     3 ||     3
 Stab: Sleeping          |     7 |    30 ||    37
       Distracted        |     1 |       ||     1
  Eat: Bread ration      |       |     1 ||     1
